Map: Heavy Artillery LE

Players

Xaero - Winner!

  • Race: Protoss Protoss
  • Spawn Location: 7:00

Phobos - Winner!

  • Race: Terran Terran
  • Spawn Location: 7:00

Massa

  • Race: Terran Terran
  • League: Platinum
  • Spawn Location: 3:00

qqq

  • Race: Zerg Zerg
  • Spawn Location: 1:00

VOD

Have the link to the VOD?

Description

Time

  • Played on: March 27, 2021, 5:03 p.m.
  • Length: 11:11
Show
View Real Time Build Order
Export as new Build Order

Xaero Protoss - Winner!

Build Orders: 1 Gate Expand, Blink Stalkers 

Get SALT Encoding   

  12  0:00  Probe  
  13  0:12  Probe  
  14  0:18  Pylon  
  14  0:24  Probe (Chrono Boost)  
  15  0:38  Probe (Chrono Boost), Gateway  
  16  0:44  Probe (Chrono Boost)  
  16  0:49  Assimilator  
  17  0:59  Probe  
  18  1:13  Probe  
  19  1:25  Probe  
  19  1:35  Nexus  
  19  1:37  Probe  
  20  1:43  Assimilator  
  20  1:45  Cybernetics Core  
  20  1:53  Probe  
  21  2:05  Probe  
  22  2:17  Probe  
  23  2:28  Pylon  
  23  2:30  Pylon  
  23  2:35  Twilight Council  
  23  2:43  Pylon, Warp Gate  
  23  2:44  Stalker (Chrono Boost)  
  23  2:46  Probe  
  23  2:50  Probe  
  27  2:58  Probe  
  28  3:02  Probe  
  28  3:05  Gateway  
  29  3:08  Shield Battery  
  29  3:12  Gateway  
  29  3:16  Probe x2, Blink (Chrono Boost)  
  31  3:28  Probe  
  32  3:38  Stalker  
  32  3:40  Probe  
  35  3:42  Shield Battery  
  35  3:51  Robotics Facility  
  35  3:55  Pylon  
  35  3:56  Probe  
  35  3:58  Probe  
  37  4:03  Stalker  
  39  4:15  Probe x2  
  41  4:27  Probe  
  41  4:30  Nexus  
  42  4:34  Probe  
  44  4:38  Observer  
  44  4:39  Probe  
  45  4:46  Probe  
  45  4:47  Gateway  
  45  4:52  Probe, Gateway  
  47  4:54  Charge (Chrono Boost)  
  47  4:58  Probe  
  48  5:04  Probe  
  49  5:08  Warp Prism  
  49  5:10  Probe  
  52  5:17  Pylon  
  52  5:20  Probe  
  53  5:23  Stalker x2  
  53  5:26  Stalker  
  59  5:33  Probe  
  60  5:37  Gateway  
  60  5:43  Gateway  
  60  5:47  Gateway  
  60  5:49  Gateway  
  60  5:59  Probe x3  
  60  6:03  Pylon  
  63  6:11  Probe  
  55  6:18  Zealot x5  
  55  6:23  Observer (Chrono Boost)  
  66  6:40  Warp Prism (Chrono Boost)  
  66  6:42  Assimilator  
  66  6:46  Assimilator  
  68  6:50  Probe x2, Stargate  
  68  6:51  Probe  
  71  6:57  Zealot x9  
  87  7:02  Probe  
  87  7:03  Probe  
  89  7:14  Probe  
  89  7:15  Probe x2  
  92  7:26  Probe  
  92  7:27  Probe x2  
  92  7:28  Zealot x3  
  101  7:36  Pylon  
  101  7:38  Pylon  
  101  7:40  Pylon  
  101  7:44  Probe x2  
  101  8:01  Stalker x9  
  109  8:26  Stalker  
  109  8:27  Stalker x8  
  105  8:30  Probe x3  
  108  8:42  Probe  
  109  8:51  Stalker x4  
  109  8:52  Stalker x4  
  125  9:11  Pylon  
  125  9:12  Pylon  
  125  9:14  Pylon, Assimilator  
  125  9:18  Assimilator  
  125  9:20  Stargate  
  125  9:23  Fleet Beacon  
  125  9:27  Nexus  
  125  9:29  Probe x3  
  128  9:41  Probe  
  126  10:05  Void Ray (Chrono Boost)  
  134  10:15  Void Ray (Chrono Boost)  
  134  10:25  Stargate  
  134  10:30  Stargate  
  133  10:45  Probe x3  
  133  10:57  Probe  
Show
View Real Time Build Order
Export as new Build Order

Phobos Terran - Winner!

Build Orders:  

Get SALT Encoding   

  12  0:01  SCV  
  13  0:13  SCV  
  14  0:19  Supply Depot  
  14  0:26  SCV  
  15  0:40  SCV  
  16  0:46  Barracks  
  16  0:47  Refinery  
  16  0:52  SCV  
  17  1:04  SCV  
  18  1:16  SCV  
  19  1:28  SCV  
  20  1:33  Reaper  
  21  1:40  Command Center  
  21  1:44  Orbital Command  
  21  1:59  Refinery  
  21  2:08  Barracks Reactor  
  21  2:11  Barracks, Supply Depot  
  21  2:25  SCV  
  22  2:33  Factory  
  22  2:37  SCV  
  23  2:46  Marine x2  
  23  2:49  SCV  
  26  2:57  Orbital Command  
  26  3:00  Barracks Tech Lab, Engineering Bay  
  26  3:01  SCV  
  27  3:14  Marine x2  
  27  3:16  SCV  
  30  3:23  Marine, Stimpack  
  30  3:25  SCV  
  32  3:31  Marine  
  32  3:32  Marine  
  34  3:34  Factory Tech Lab  
  33  3:42  SCV  
  33  3:43  SCV  
  33  3:48  Marine  
  35  3:50  Engineering Bay  
  35  3:54  Starport, Marine x2  
  38  4:06  Siege Tank  
  38  4:07  Marine  
  38  4:09  SCV  
  43  4:11  Marine  
  44  4:18  Terran Infantry Weapons Level 1  
  44  4:26  Supply Depot  
  44  4:27  Supply Depot  
  44  4:29  Marine  
  45  4:36  SCV  
  46  4:42  Barracks  
  46  4:47  SCV, Medivac  
  46  4:50  Terran Infantry Armor Level 1  
  49  4:53  Supply Depot  
  49  4:56  Marine  
  49  4:57  Marine  
  49  4:58  SCV, Marine  
  53  5:04  Barracks  
  53  5:07  Barracks  
  53  5:13  Siege Tank  
  56  5:14  SCV x2  
  56  5:15  Marine x2  
  56  5:17  Marine  
  61  5:27  Supply Depot  
  61  5:29  Combat Shield  
  61  5:32  Refinery  
  61  5:37  Marine x2  
  61  5:38  Marine x2  
  61  5:41  SCV x2  
  67  5:55  Marine x2  
  59  6:24  Marine x3  
  59  6:25  Marine x3  
  64  6:26  Siege Tank  
  67  6:38  SCV x2  
  67  6:39  Refinery  
  69  6:42  Marine, Supply Depot  
  70  6:48  Barracks  
  70  6:50  SCV  
  70  6:51  SCV, Barracks  
  70  6:52  Barracks  
  72  6:58  Siege Tank  
  75  7:02  SCV  
  76  7:13  Marine x2  
  76  7:14  Marine x4  
  82  7:18  Concussive Shells  
  82  7:30  Siege Tank  
  82  7:31  Marine  
  82  7:33  Barracks Tech Lab  
  82  7:34  Barracks Tech Lab  
  86  8:00  Marine  
  86  8:07  Marine  
  86  8:08  Marine  
  84  8:22  Marine x2  
  86  8:32  Barracks Tech Lab  
  86  8:33  Marine  
  86  8:38  Supply Depot  
  86  8:39  Marine x2  
  88  8:41  Supply Depot  
  88  8:43  Supply Depot x2  
  88  8:45  Armory  
  88  8:49  Supply Depot  
  88  9:03  Marine x4  
  88  9:04  Marauder x2, Marine  
  88  9:05  Marauder x2  
  101  9:28  Marine x4  
  101  9:29  Marauder x4  
  109  10:06  Starport Reactor  
  109  10:07  Barracks Reactor x3  
  109  10:09  Marauder x3  
  115  10:24  Marine x3  
  109  10:31  Marauder x3  
  102  10:44  Marine x2  
  102  10:45  Marine x5  
Show
View Real Time Build Order
Export as new Build Order

Massa Terran 

Build Orders: 2 Factory, Gas First Reaper Expand 

Get SALT Encoding   

  12  0:00  SCV  
  13  0:12  SCV  
  14  0:25  SCV, Supply Depot  
  15  0:30  Refinery  
  15  0:46  SCV  
  15  0:49  Barracks  
  16  0:59  SCV  
  17  1:11  SCV  
  18  1:22  Refinery  
  18  1:23  SCV  
  19  1:42  Orbital Command  
  19  1:43  Reaper  
  20  2:00  Command Center  
  20  2:07  SCV  
  21  2:18  Barracks Tech Lab  
  21  2:20  Supply Depot  
  21  2:23  Factory  
  21  2:35  SCV  
  22  2:47  SCV  
  23  2:59  SCV  
  24  3:07  Factory Reactor  
  24  3:11  Factory  
  24  3:15  Orbital Command  
  24  3:20  Starport  
  24  3:25  Marine, Stimpack  
  25  3:39  SCV  
  25  3:41  SCV  
  27  3:43  Marine  
  27  3:47  Engineering Bay  
  28  3:51  SCV  
  28  3:53  SCV  
  34  3:57  Widow Mine x2  
  34  4:00  Starport Tech Lab  
  34  4:01  Factory Tech Lab  
  34  4:10  SCV x2  
  34  4:11  Supply Depot  
  34  4:15  Supply Depot  
  36  4:17  Marine  
  36  4:19  Widow Mine  
  36  4:22  SCV x2, Siege Tank  
  44  4:32  Barracks  
  44  4:35  Marine  
  44  4:36  Raven  
  47  4:43  SCV x2  
  49  4:46  Missile Turret  
  49  4:53  Marine  
  49  4:55  SCV  
  51  5:01  Widow Mine x2  
  51  5:03  Siege Tank  
  58  5:12  Concussive Shells  
  58  5:18  Supply Depot x2  
  58  5:19  Marine, Supply Depot  
  59  5:23  Barracks  
  59  5:25  Marine  
  59  5:27  Widow Mine  
  62  5:39  Widow Mine, SCV x2, Marine  
  62  5:42  Supply Depot  
  67  5:43  Marine  
  67  5:46  Command Center  
  67  5:48  Terran Infantry Weapons Level 1  
  56  6:25  Marauder  
  54  6:26  Barracks Reactor x2  
  54  6:33  Widow Mine  
  54  6:34  Widow Mine  
  54  6:36  SCV  
  54  6:37  SCV  
  60  6:41  Refinery  
  60  6:42  Refinery  
  60  6:46  Marauder  
  62  6:48  SCV  
  62  6:49  SCV  
  62  6:52  Engineering Bay  
  64  6:56  Medivac  
  64  6:57  Command Center  
  66  7:08  Marauder  
  68  7:17  Marine x2  
  68  7:18  Marine x2  
  70  7:28  SCV  
  70  7:29  SCV, Marauder  
  74  7:35  Marine x2  
  74  7:36  Marine x2  
  78  7:40  SCV  
  78  7:41  SCV  
  80  7:50  Marine  
  78  7:52  SCV  
  78  7:53  SCV, Marine  
  76  8:05  SCV x2  
  76  8:17  SCV x2, Marine x4  
  56  8:35  Marine x4  
  58  8:43  Barracks x2  
  58  8:44  Barracks x3  
  58  8:45  Barracks  
  58  8:46  Terran Infantry Armor Level 1, Bunker  
  58  8:47  Planetary Fortress  
  58  8:48  Bunker x2  
  52  8:52  Marine  
  52  8:53  Marine  
  22  9:32  Marine x6  
  22  9:40  SCV  
  22  9:42  Orbital Command  
  15  9:49  SCV  
  15  9:50  Marine x6  
  15  9:52  SCV  
  21  10:01  SCV  
  21  10:04  SCV  
  23  10:07  Marine  
  23  10:08  Marine x5  
  23  10:13  SCV  
  30  10:15  Factory  
  30  10:16  SCV  
  29  10:22  Missile Turret  
  29  10:25  Marine  
  29  10:29  SCV  
  19  10:37  Marine  
  19  10:38  Marine x3  
  22  10:43  Marine  
  21  10:54  SCV  
  25  10:59  SCV  
Show
View Real Time Build Order
Export as new Build Order

qqq Zerg 

Build Orders: Pool First, Swarm Host 

Get SALT Encoding   

  12  0:00  Drone  
  13  0:08  Drone  
  14  0:18  Overlord  
  14  0:56  Drone x2  
  16  0:57  Drone  
  17  1:17  Spawning Pool  
  16  1:25  Hatchery  
  15  1:32  Drone x3  
  18  1:36  Extractor  
  17  1:44  Drone  
  18  2:08  Drone x2  
  20  2:09  Queen  
  21  2:33  Drone  
  21  2:34  Overlord  
  22  2:40  Zergling x2  
  22  2:41  Zergling x2  
  24  2:49  Queen  
  24  2:50  Zergling x2  
  27  2:52  Zergling x2  
  27  2:53  Metabolic Boost  
  28  2:58  Zergling x2  
  28  2:59  Zergling x2  
  30  3:09  Zergling x4  
  32  3:20  Zergling x4  
  34  3:27  Zergling x4  
  34  3:51  Drone x2  
  34  3:55  Roach Warren  
  35  3:59  Lair, Overlord  
  35  4:04  Hatchery  
  35  4:06  Drone  
  35  4:07  Drone  
  35  4:08  Zergling x2  
  36  4:23  Overlord  
  36  4:24  Overlord  
  36  4:25  Drone  
  36  4:26  Drone x2  
  36  4:28  Zergling x2  
  40  4:41  Drone x5  
  45  4:59  Spire  
  44  5:07  Roach x2  
  48  5:18  Drone x3  
  48  5:19  Drone x3  
  54  5:23  Extractor  
  54  5:25  Extractor  
  54  5:26  Drone x2  
  54  5:27  Queen  
  56  5:29  Drone  
  59  5:43  Roach x4  
  65  5:53  Drone  
  66  6:09  Queen  
  61  6:13  Zergling x4, Roach  
  61  6:14  Zergling x8  
  65  6:27  Drone  
  65  6:29  Extractor  
  65  6:35  Overlord x3  
  65  6:39  Drone  
  66  6:54  Spore Crawler  
  66  6:55  Spore Crawler  
  66  6:57  Spore Crawler  
  58  7:03  Hatchery, Infestation Pit  
  58  7:06  Roach x6  
  54  7:16  Spine Crawler  
  54  7:17  Spine Crawler  
  54  7:18  Spore Crawler  
  51  7:24  Roach x2  
  51  7:25  Roach x2  
  51  7:29  Roach x2  
  63  7:30  Drone x2  
  63  7:31  Drone  
  66  7:37  Spine Crawler  
  67  7:44  Roach x5  
  75  7:56  Roach x4  
  82  8:02  Roach x2  
  66  8:06  Roach x2  
  66  8:11  Hive  
  68  8:16  Roach x6  
  68  8:19  Roach  
  80  8:29  Roach x2  
  78  8:36  Roach x2  
  78  8:37  Roach x2  
  78  8:39  Drone x5  
  77  8:43  Extractor  
  70  8:49  Roach x2  
  60  9:04  Roach x2  
  60  9:05  Roach x4  
  60  9:07  Roach  
  68  9:19  Roach  
  68  9:20  Roach x3  
  68  9:21  Roach  
  68  9:23  Roach  
  76  9:25  Drone  
  76  9:27  Drone  
  78  9:32  Roach x2  
  78  9:35  Roach  
  78  9:47  Roach x2  
  78  9:50  Overlord x2  
  76  10:01  Spawning Pool  
  70  10:13  Swarm Host x2  
  70  10:14  Swarm Host x3  
  69  10:17  Drone  
  69  10:18  Drone  
  72  10:40  Spawning Pool  
  71  10:44  Drone x2  
  71  10:45  Drone x3  
Tags
 
Add a new tag
Caveats
  • Supply blocks, unpowered buildings, or Contaminate may cause inaccurate times.
  • Supply counts are checked every 10 seconds.